 Dungeon Crawl Stone Soup version 0.23-a0-712-g3a644c0 (webtiles) character file.

5562 ohad the Fencer (level 10, -19/81 HPs)
             Began as a Minotaur Berserker on Jan 15, 2019.
             Was a High Priest of Trog.
             Demolished by a tentacled starspawn (29 damage)
             ... on level 3 of the Abyss.
             The game lasted 00:19:36 (6558 turns).

ohad the Fencer (Minotaur Berserker)                Turns: 6558, Time: 00:19:37

Health: -19/81     AC: 14    Str: 22    XL:     10   Next: 44%
Magic:  9/9        EV: 14    Int:  4    God:    Trog [*****.]
Gold:   582        SH:  4    Dex: 18    Spells: 9/9 levels left

rFire    . . .     SeeInvis .   a - +0 falchion
rCold    . . .     Gourm    .   u - +0 buckler (curse)
rNeg     + . .     Faith    .   p - +2 scale mail {rPois}
rPois    +         Spirit   .   f - +2 hat
rElec    +         Reflect  .   o - +0 cloak
rCorr    +         Harm     .   S - +0 pair of gloves of the Untouchables {rElec rN+ rCorr Stlth+} (curse)
MR       +++..                  (no boots)
Stlth    ++........             D - amulet of regeneration
HPRegen  1.63/turn              N - ring of poison resistance
MPRegen  0.11/turn              M - ring of protection from magic

@: agile, about to teleport, regenerating, wreathed by umbra, constricted,
drained
A: retaliatory headbutt, horns 2
a: Berserk, Trog's Hand, Brothers in Arms, Renounce Religion


You were on level 3 of the Abyss.
You worshipped Trog.
Trog was extremely pleased with you.
You were very full.

You visited 1 branch of the dungeon, and saw 9 of its levels.
You visited the Abyss 1 time.

You collected 582 gold pieces.

Inventory:

Hand Weapons
 a - a +0 falchion (weapon)
 i - a +1 dagger of freezing
 k - a +1 short sword of freezing
 n - a +2 quarterstaff of chaos
 t - a +0 long sword
 K - a +4 scimitar of electrocution
Missiles
 s - 7 throwing nets (quivered)
 E - 2 tomahawks of dispersal
 L - 5 javelins of penetration
Armour
 b - a +0 animal skin
 f - a +2 hat (worn)
 j - a +0 ring mail
 o - a +0 cloak (worn)
 p - a +2 scale mail of poison resistance (worn)
 u - a cursed +0 buckler (worn)
 S - the cursed +0 pair of gloves of the Untouchables (worn) {rElec rN+ rCorr Stlth+}
   (You found it on level 8 of the Dungeon)

   It insulates you from electricity.
   It protects you from negative energy.
   It provides partial protection from all sources of acid and corrosion.
   It makes you more stealthy.
   It has a curse placed upon it.
Jewellery
 h - an uncursed amulet of guardian spirit {unknown}
 q - an uncursed ring of flight
 x - an uncursed ring of fire
 D - an amulet of regeneration (around neck)
 M - a ring of protection from magic (right hand)
 N - a ring of poison resistance (left hand)
 R - an uncursed ring of ice
Wands
 Q - a wand of random effects (21)
 T - a wand of paralysis (5)
Scrolls
 d - a scroll of acquirement {unknown}
 l - 3 scrolls of remove curse
 y - 2 scrolls of immolation
 C - a scroll of fear {unknown}
 F - a scroll of vulnerability
 G - a scroll of teleportation
 H - a scroll of fog
 J - a scroll of blinking {unknown}
 O - a scroll of silence {unknown}
 P - a scroll of magic mapping {unknown}
Potions
 e - a potion of agility
 g - 3 potions of heal wounds
 m - 3 potions of degeneration
 r - 4 potions of brilliance
 v - 4 potions of magic
 w - 3 potions of lignification
 z - 2 potions of might
 A - 3 potions of curing
 B - 2 potions of flight
Comestibles
 c - 23 rations


   Skills:
 + Level 5.2(5.1) Fighting
 - Level 16.3(16.1) Long Blades
 + Level 5.6(5.5) Armour
 * Level 4.0(3.9) Dodging


You had 9 spell levels left.
You didn't know any spells.
Your spell library was empty.

Dungeon Overview and Level Annotations

Branches:
Dungeon (9/15)             Temple (0/1) D:4
   Lair: D:8-11         Orc: D:9-12

Altars:
Dithmenos
Fedhas
Nemelex Xobeh
Okawaru
Qazlal
Ru
Trog
Uskayaw
Xom
Yredelemnul
Zin
The Shining One


Innate Abilities, Weirdness & Mutations

You reflexively headbutt those who attack you in melee.
You have a pair of horns on your head.


Message History

You feel yourself growing ill in the presence of the ancient zyme.
The tentacled starspawn bites you.
* * * LOW HITPOINT WARNING * * *
The tentacled starspawn engulfs you.
* * * LOW HITPOINT WARNING * * *
The profane servitor misses you.
The profane servitor closely misses you.
A starspawn tentacle segment comes into view.
Unknown command.
You feel better. The starspawn tentacle grabs you.
* * * LOW HITPOINT WARNING * * *
The starspawn tentacle constricts you.
The profane servitor closely misses you. x2
The tentacle pulls you backwards!
You feel agile all of a sudden.
The profane servitor hits you with a +1 demon whip of venom!
* * * LOW HITPOINT WARNING * * *
The profane servitor barely misses you. The starspawn tentacle constricts you.
The tentacled starspawn bites you!!
You die...

. . ..# ###
##.##+# #...#
..... ..# #.
#..#..#.#. ..#..#
#.....#..######...
. .
#...............
#. #xA@#\# ...# .
##.wX# ...# ###.#
##.#..#. # #.
#......### . .
#.##.#...###.#. ##
#.. ..###...## ..#
.###..#...##......
.# ##...# . .. . .
≈≈ ... #.##.. # #


You could see a profane servitor, a tentacled starspawn, an ancient zyme and a
starspawn tentacle.

Vanquished Creatures
  Harold (D:8)
  A two-headed ogre (D:9)
  A thrashing horror (Abyss:2)
  A hippogriff (D:9)
  Sigmund (D:6)
  A vampire (D:9)
  A wyvern (D:9)
  A hungry ghost (D:8)
  A steam dragon (D:8)
  A water moccasin (D:4)
  An orc warrior (D:7)
  2 ice beasts
  A phantom (D:5)
  6 ogres
  A crocodile (D:8)
  2 bullfrogs (D:6)
  A scorpion (D:6)
  A water moccasin skeleton (D:7)
  3 howler monkeys (D:8)
  4 crimson imps
  2 hounds
  2 bullfrog skeletons
  3 orc wizards
  A centaur skeleton (D:5)
  A gnoll shaman (D:5)
  5 orc priests
  Crazy Yiuf (D:2)
  11 worker ants
  A hound skeleton (D:4)
  24 gnolls
  15 adders
  A shadow imp (D:6)
  An ooze (D:5)
  3 dart slugs
  7 leopard geckos
  12 orcs
  7 ball pythons (D:3)
  4 bats
  4 giant cockroaches
  8 goblins
  7 hobgoblins
  7 jackals
  4 kobolds
  4 quokkas
  8 frilled lizards
  A jackal zombie (D:7)
  A leopard gecko skeleton (D:7)
  14 rats
191 creatures vanquished.

Vanquished Creatures (others)
  3 starspawn tentacles (Abyss:3)
3 creatures vanquished.

Grand Total: 194 creatures vanquished

Notes
Turn   | Place    | Note
-------+----------+-------------------------------------------
     0 | D:1      | ohad the Minotaur Berserker began the quest for the Orb.
     0 | D:1      | Reached XP level 1. HP: 19/19 MP: 0/0
   103 | D:1      | Reached skill level 4 in Long Blades
   202 | D:1      | Reached XP level 2. HP: 19/26 MP: 1/1
   233 | D:1      | Found a shadowy altar of Dithmenos.
   235 | D:1      | Found an iron altar of Okawaru.
   235 | D:1      | Found a sparkling altar of Nemelex Xobeh.
   237 | D:1      | Found a sacrificial altar of Ru.
   237 | D:1      | Found a shimmering altar of Xom.
   237 | D:1      | Found a bloodstained altar of Trog.
   532 | D:1      | Reached skill level 5 in Long Blades
   656 | D:2      | Reached XP level 3. HP: 31/31 MP: 2/2
   677 | D:2      | Reached ** piety under Trog
   705 | D:2      | Found a faded altar of an unknown god.
   817 | D:2      | Found a runed door.
   821 | D:2      | Noticed Crazy Yiuf
   829 | D:2      | Killed Crazy Yiuf
   892 | D:2      | Found a stormy altar of Qazlal.
  1387 | D:3      | Reached skill level 6 in Long Blades
  1387 | D:3      | Reached XP level 4. HP: 31/39 MP: 3/3
  1503 | D:3      | Reached XP level 5. HP: 35/45 MP: 4/4
  1511 | D:3      | Reached skill level 7 in Long Blades
  1805 | D:3      | Reached *** piety under Trog
  2326 | D:3      | Reached skill level 8 in Long Blades
  2466 | D:4      | Reached XP level 6. HP: 51/51 MP: 5/5
  2499 | D:4      | Found a staircase to the Ecumenical Temple.
  2654 | D:4      | Found a blossoming altar of Fedhas.
  2679 | D:4      | Noticed a +0 dagger
  2680 | D:4      | Found a hide-covered altar of Uskayaw.
  2680 | D:4      | Noticed a +0 hand axe
  2743 | D:4      | Reached skill level 9 in Long Blades
  2755 | D:4      | You fall through a shaft for 3 floors!
  2755 | D:7      | Found a bloodstained altar of Trog.
  2782 | D:5      | Entered Level 5 of the Dungeon
  2788 | D:5      | Reached XP level 7. HP: 55/57 MP: 6/6
  2880 | D:5      | Reached skill level 10 in Long Blades
  2899 | D:5      | Reached **** piety under Trog
  3093 | D:5      | Found a shadowy altar of Dithmenos.
  3309 | D:5      | Reached skill level 11 in Long Blades
  3383 | D:4      | Reached XP level 8. HP: 58/64 MP: 7/7
  3492 | D:4      | Found a shimmering altar of Xom.
  3670 | D:4      | Reached skill level 12 in Long Blades
  4377 | D:6      | Noticed Sigmund
  4389 | D:6      | Killed Sigmund
  4389 | D:6      | Reached skill level 13 in Long Blades
  4430 | D:6      | Found a bloodstained altar of Trog.
  4653 | D:6      | Reached ***** piety under Trog
  4913 | D:7      | Reached XP level 9. HP: 65/70 MP: 8/8
  4984 | D:7      | Reached skill level 14 in Long Blades
  5062 | D:7      | Received a gift from Trog
  5569 | D:8      | Noticed Harold
  5584 | D:8      | Killed Harold
  5584 | D:8      | Reached skill level 15 in Long Blades
  5586 | D:8      | Reached skill level 16 in Long Blades
  5738 | D:8      | Got a pair of distressingly furry gloves
  5744 | D:8      | Identified the cursed +0 pair of gloves of the Untouchables
                  | {rElec rN+ rCorr Stlth+} (You found it on level 8 of the
                  | Dungeon)
  5865 | D:8      | Found a glowing golden altar of the Shining One.
  5891 | D:9      | Reached XP level 10. HP: 74/77 MP: 9/9
  6020 | D:9      | Found a sacrificial altar of Ru.
  6020 | D:9      | Found a basalt altar of Yredelemnul.
  6022 | D:9      | Found a sparkling altar of Nemelex Xobeh.
  6067 | D:9      | Noticed a two-headed ogre
  6079 | D:9      | Killed a two-headed ogre
  6194 | D:9      | Found a glowing silver altar of Zin.
  6236 | D:9      | Cast into level 2 of the Abyss (gnoll sergeant)
  6295 | Abyss:2  | Noticed a worldbinder
  6298 | Abyss:2  | Noticed a spiny frog
  6304 | Abyss:2  | Noticed a spiny frog
  6308 | Abyss:2  | Noticed a thrashing horror
  6309 | Abyss:2  | Noticed a thrashing horror
  6310 | Abyss:2  | Noticed a white very ugly thing
  6310 | Abyss:2  | Noticed a white ugly thing
  6312 | Abyss:2  | Noticed a white ugly thing
  6329 | Abyss:2  | Killed a thrashing horror
  6329 | Abyss:2  | Reached skill level 5 in Fighting
  6329 | Abyss:2  | Reached skill level 5 in Armour
  6352 | Abyss:2  | Noticed a hell knight
  6384 | Abyss:2  | Noticed a spatial maelstrom
  6433 | Abyss:3  | Found a viscous altar of Jiyva.
  6492 | Abyss:3  | Found a corrupted altar of Lugonu.
  6520 | Abyss:3  | Noticed an ogre mage
  6520 | Abyss:3  | Noticed an ice dragon
  6520 | Abyss:3  | Noticed an ice dragon
  6538 | Abyss:3  | Found a corrupted altar of Lugonu.
  6545 | Abyss:3  | Noticed a tentacled starspawn
  6547 | Abyss:3  | Noticed a profane servitor
  6558 | Abyss:3  | Demolished by a tentacled starspawn

Vault maps used:
D:1:      minmay_arrival_open_corners, doesnt_xom_only_xom
D:2:      chequers_ecumenical_altar_simple, nicolae_qazlal_eye_of_the_storm,
          uniq_crazy_yiuf_cottage
D:3:      nicolae_overflow_hidden_temple, first_ration,
          minmay_misc_feat_enclosed, minmay_snake_closets
D:4:      minmay_wonky_spiral, dancing_weapons_uskayaw, fedhas_altar_3,
          kennysheep_little_box, temple_statues, portal_sewer_entry_a
D:5:      grunt_dithmenos_smoke
D:6:      old_standard_altar, corner_web_ring, minmay_increasing_density,
          uniq_sigmund
D:7:      grunt_ogre_cave, st_stairs_10, chequers_serial_rivers_micro_b,
          bloody_trog
D:8:      lemuel_round_altar, uniq_harold
D:9:      marbit_many_paths, amethyst_overflow_temple_binary, minitemple
Abyss:3:  evilmike_abyss_exit_17, nicolae_abyss_rune_star_stuff

Skill      XL: |  1  2  3  4  5  6  7  8  9 10 |
---------------+-------------------------------+-----
Long Blades    | 4 5 6 8 9 11 13 16 | 16.3
Armour         | 5 |  5.6
Fighting       | 5 |  5.2
Dodging        | 4 |  4.0

Action                   |  1- 3 |  4- 6 |  7- 9 | 10-12 || total
-------------------------+-------+-------+-------+-------++-------
Melee: Falchion          |    63 |   104 |       |     2 ||   169
       Headbutt          |    10 |    33 |    64 |     8 ||   115
       Long sword        |       |    47 |   192 |       ||   239
       Scimitar          |       |       |    64 |    32 ||    96
Invok: Berserk           |       |     1 |     2 |     1 ||     4
       Trog's Hand       |       |       |       |     2 ||     2
  Use: Scroll            |       |    11 |     7 |     8 ||    26
       Potion            |       |       |       |     6 ||     6
  Eat: Chunk             |     1 |     5 |    14 |     1 ||    21
       Ration            |       |       |       |     3 ||     3
Armor: Animal skin       |     5 |       |       |       ||     5
       Ring mail         |    12 |       |       |       ||    12
       Scale mail        |     1 |    73 |    97 |    54 ||   225
Dodge: Dodged            |    31 |    89 |   102 |    45 ||   267
Block: Buckler           |       |       |       |     1 ||     1
       Rpst.: Falchion   |     6 |    16 |       |     1 ||    23
       Long sword        |       |     9 |    18 |       ||    27
       Scimitar          |       |       |     6 |     8 ||    14

Table legend:
 A = Non-vault XP
 B = Vault XP
 C = Vault XP percentage of total XP
 D = Non-vault monster count
 E = Vault monster count
 F = Vault count percentage of total count
                 A         B        C        D         E       F
            +---------+---------+-------+---------+---------+-------
      Total |    5929 |    2018 |  25.4 |     163 |      28 |  14.7
            +---------+---------+-------+---------+---------+-------
        D:1 |      38 |       0 |   0.0 |      23 |       0 |   0.0
        D:2 |      12 |      40 |  76.9 |       8 |       1 |  11.1
        D:3 |     211 |      62 |  22.7 |      38 |      10 |  20.8
        D:4 |     600 |      55 |   8.4 |      16 |       6 |  27.3
        D:5 |     604 |       0 |   0.0 |      21 |       0 |   0.0
        D:6 |     443 |     590 |  57.1 |      20 |       6 |  23.1
        D:7 |     615 |     232 |  27.4 |      17 |       4 |  19.0
        D:8 |     782 |    1039 |  57.1 |      12 |       1 |   7.7
        D:9 |    1792 |       0 |   0.0 |       7 |       0 |   0.0
    Abyss:2 |     832 |       0 |   0.0 |       1 |       0 |   0.0
            +---------+---------+-------+---------+---------+-------
